AoeStats
← MatzeAoE

Black Forest

505469502Analyzed
1v1 RM · 23d ago on Sep 9, 2026· 34m 20s· 2 players
Game mode
Random Map
Map size
Tiny (2 player)
Population
200
Speed
Normal
Resources
Standard
Victory
Conquest
Starting age
Dark Age
Ending age
Imperial Age
RankedLock teamsTeams togetherTeam positionsShared explorationLock speedFull tech treeHidden civsTurbo modeCheats
Victory
Defeat
🇸🇪 Poles · Sweden
2026
+18
🇩🇪 Teutons · Germany
2071
-18
19x2026
0:49 Loom
11:42 Feudal Age
15:59 Castle Age
14:18 Double-Bit Axe
14:55 Fishing Lines
16:52 Bow Saw
16:53 Gillnets
20:16 Fletching
24:12 Scale Mail Armor
26:41 Chain Mail Armor
27:01 Horse Collar
27:11 Gold Mining
29:02 Town Watch
34:09 Imperial Age
32:04 Forging
31:59 Devotion
MatzeAoE
1:42 Loom
4:55 Loom
12:35 Feudal Age
16:49 Castle Age
16:12 Double-Bit Axe
16:41 Town Watch
17:56 Bow Saw
20:20 Fishing Lines
23:55 Fletching
30:41 Scale Barding Armor
32:51 Chain Barding Armor
34:13 Bloodlines
34:35 Gold Mining
Connection lost

Rejoining the realm…

Still unreachable

The connection could not be restored.

Session expired

The server has moved on; the page needs a fresh start.